 Dungeon Crawl Stone Soup version 0.22-a0-305-gd21a89c (webtiles) character file.

28 Amnesiac the Conjurer (level 3, -8/24 HPs)
             Began as a Mummy Conjurer on Mar 31, 2018.
             Killed from afar by Jessica (9 damage)
             ... with a wand of flame (13)
             ... on level 2 of the Dungeon.
             The game lasted 00:00:50 (498 turns).

Amnesiac the Conjurer (Mummy Conjurer)               Turns: 498, Time: 00:00:51

Health: -8/24      AC:  2    Str: 11    XL:     3   Next: 0%
Magic:  0/7        EV: 12    Int: 15    God:
Gold:   35         SH:  0    Dex: 12    Spells: 7/8 levels left

rFire    x . .     SeeInvis .   (no weapon)
rCold    + . .     Gourm    .   (no shield)
rNeg     + + +     Faith    .   a - +0 robe
rPois    ∞         Spirit   .   (no helmet)
rElec    .         Reflect  .   (no cloak)
rCorr    .         Harm     .   (no gloves)
MR       .....                  (no boots)
Stlth    ++........             (no amulet)
HPRegen  0.08/turn              (no ring)
MPRegen  0.10/turn              (no ring)

@: no status effects
A: no food or potions, fire vulnerability, cold resistance 1, negative energy
resistance 3, torment resistance, unbreathing
a: no special abilities


You were on level 2 of the Dungeon.
You were not hungry.

You visited 1 branch of the dungeon, and saw 2 of its levels.

You collected 35 gold pieces.

Inventory:

Armour
 a - a +0 robe (worn)
Scrolls
 b - 2 scrolls of identify {!r, unknown}
 c - a scroll of magic mapping {!r, unknown}


   Skills:
 - Level 1.5 Dodging
 - Level 1.5 Stealth
 + Level 3.3 Spellcasting
 - Level 3.9 Conjurations


You had 7 spell levels left.
You knew the following spells:

 Your Spells              Type           Power        Failure   Level  Hunger
a - Magic Dart            Conj           ##..         4%          1    N/A

Dungeon Overview and Level Annotations

Branches:
Dungeon (2/15)

Altars:

Annotations:
D:2 Jessica


Innate Abilities, Weirdness & Mutations

You do not eat or drink.
Your flesh is vulnerable to fire.
You are immune to poison.
Your flesh is cold resistant. (rC+)
You are immune to negative energy. (rN+++)
You are immune to unholy pain and torment.
You can survive without breathing.


Message History

Things that are here:
a club; a hobgoblin corpse
Found a stone staircase leading down.
Found a stone staircase leading down.
Found 15 stones.
Jessica the Apprentice Sorceress comes into view.
Jessica shouts!
Jessica casts a spell.
Jessica seems to speed up.
Casting: Magic Dart (safe; 4% risk of failure)
Confirm with . or Enter, or press ? or * to list all spells.
Aiming: Magic Dart (safe; 4% risk of failure)
Press: ? - help, Shift-Dir - straight line, f - Jessica
Aim: Jessica, wearing a robe (fast)
The magic dart hits Jessica.
Jessica is moderately wounded.
Jessica zaps a wand.
The puff of flame hits you! The fire burns you terribly!
Ouch! That really hurt!
* * * LOW HITPOINT WARNING * * *
It is a wand of flame (13).
Casting: Magic Dart (safe; 4% risk of failure)
Confirm with . or Enter, or press ? or * to list all spells.
Aiming: Magic Dart (safe; 4% risk of failure)
Press: ? - help, Shift-Dir - straight line, f/p - Jessica
Aim: Jessica, wearing a robe and carrying a wand of flame (13) (moderately wounded, fast)
The magic dart hits Jessica.
Jessica is moderately wounded.
Casting: Magic Dart (safe; 4% risk of failure)
Confirm with . or Enter, or press ? or * to list all spells.
Aiming: Magic Dart (safe; 4% risk of failure)
Press: ? - help, Shift-Dir - straight line, f/p - Jessica
Aim: Jessica, wearing a robe and carrying a wand of flame (13) (moderately wounded, fast)
The magic dart hits Jessica.
Jessica is heavily wounded.
Casting: Magic Dart (safe; 4% risk of failure)
Confirm with . or Enter, or press ? or * to list all spells.
Aiming: Magic Dart (safe; 4% risk of failure)
Press: ? - help, Shift-Dir - straight line, f/p - Jessica
Aim: Jessica, wearing a robe and carrying a wand of flame (13) (heavily wounded, fast)
The magic dart hits Jessica.
Jessica is heavily wounded.
Jessica looks very angry.
Jessica gestures wildly while chanting.
Jessica blinks!
Casting: Magic Dart (safe; 4% risk of failure)
Confirm with . or Enter, or press ? or * to list all spells.
Aiming: Magic Dart (safe; 4% risk of failure)
Press: ? - help, Shift-Dir - straight line, f/p - Jessica
Aim: Jessica, wearing a robe and carrying a wand of flame (13) (heavily wounded, fast)
The magic dart hits Jessica.
Jessica is almost dead.
Jessica hits you.
* * * LOW HITPOINT WARNING * * *
Casting: Magic Dart (safe; 4% risk of failure)
Confirm with . or Enter, or press ? or * to list all spells.
Aiming: Magic Dart (safe; 4% risk of failure)
Press: ? - help, Shift-Dir - straight line, f/p - Jessica
Aim: Jessica, wearing a robe and carrying a wand of flame (13) (almost dead, fast)
The magic dart hits Jessica.
Jessica is almost dead.
Jessica hits you.
* * * LOW HITPOINT WARNING * * *
Jessica zaps a wand.
The puff of flame hits you! The fire burns you terribly!
You die...

#........
#.####### #.# #.#
####### #.#
....... #.#
....... #.#
......@#########.#
.......@.........#
..>....####..<...#
...>... #)###.##
....(.. #.#
#.######## ###.###
#.# #......... #.
#.# ########## #
#.# #.# #.#


You could see Jessica.

Vanquished Creatures
  2 adders (D:2)
  2 leopard geckos (D:2)
  A giant cockroach (D:2)
  A hobgoblin (D:2)
  2 kobolds (D:2)
  A bat (D:1)
9 creatures vanquished.

Notes
Turn   | Place    | Note
-------+----------+-------------------------------------------
     0 | D:1      | Amnesiac the Mummy Conjurer began the quest for the Orb.
     0 | D:1      | Reached XP level 1. HP: 13/13 MP: 4/4
   156 | D:2      | Reached XP level 2. HP: 10/19 MP: 0/6
   478 | D:2      | Reached XP level 3. HP: 24/24 MP: 4/7
   492 | D:2      | Noticed Jessica
   498 | D:2      | HP: 1/24 [Jessica (5)]
   498 | D:2      | Killed from afar by Jessica

Vault maps used:
D:1:      dpeg_arrival_rooms_with_view, minmay_tiny_reverse_x
D:2:      feat_on_display, uniq_jessica

Skill      XL: |  1 |
---------------+----+-----
Spellcasting   | 3 |  3.3
Dodging        | |  1.5
Stealth        | |  1.5
Conjurations   | |  3.9

Action                   || total
-------------------------++-------
Melee: Unarmed           ||     6
 Cast: Magic Dart        ||    33
Armor: Robe              ||     4
Dodge: Dodged            ||     4

Table legend:
 A = Spawn XP
 B = Non-spawn XP
 C = Spawn XP percentage of total XP
 D = Spawn monster count
 E = Non-spawn monster count
 F = Spawn count percentage of total count
 G = Total turns spent on level
                    A         B        C        D         E        F      G
               +---------+---------+-------+---------+---------+-------+---------
         Total |       0 |      41 |   0.0 |       0 |       9 |   0.0 |   498
               +---------+---------+-------+---------+---------+-------+---------
           D:1 |       0 |       1 |   0.0 |       0 |       1 |   0.0 |    40
           D:2 |       0 |      40 |   0.0 |       0 |       8 |   0.0 |   458
               +---------+---------+-------+---------+---------+-------+---------
